 Dungeon Crawl Stone Soup version 0.31-a0-358-gac0dbeb3ab (webtiles) character file.

Game seed: 7079278626569101392

68 pascalblue the Firebug (level 4, -8/24 HPs)
             Began as a Deep Elf Fire Elementalist on July 25, 2023.
             Shot with an arrow by a centaur (14 damage)
             ... on level 3 of the Dungeon.
             The game lasted 00:06:23 (1704 turns).

pascalblue the Firebug (Deep Elf Fire Elementalist) Turns: 1704, Time: 00:06:24

Health: -8/24      AC:  6    Str:  5    XL:     4   Next: 1%
Magic:  11/11      EV: 12    Int: 22    God:
Gold:   79         SH:  0    Dex: 15    Spells: 4/10 levels left

rFire   . . .        h - +0 dagger
rCold   . . .        (no shield)
rNeg    . . .        a - +0 robe
rPois   .            n - +2 helmet
rElec   .            d - +0 cloak
rCorr   .            (no gloves)
SInv    .            (no boots)
Will    .....        (no amulet)
Stlth   ++           (no ring)
HPRegen 0.24/turn    (no ring)
MPRegen 0.12/turn

%: no passive effects
@: no status effects
A: no striking features
a: no special abilities


You were on level 3 of the Dungeon.
You visited 1 branch of the dungeon, and saw 3 of its levels.

You collected 79 gold pieces.

Inventory:

Hand Weapons
 h - a +0 dagger (weapon)
Missiles
 m - 4 poisoned darts
Armour
 a - a +0 robe (worn)
 d - a +0 cloak (worn)
 e - a +1 helmet
 n - a +2 helmet (worn)
Scrolls
 g - a scroll of noise
 l - a scroll of enchant weapon {unknown}
Potions
 b - a potion of magic
 c - a potion of curing
 f - a potion of degeneration
 i - a potion of berserk rage
 j - a potion of lignification {unknown}
 k - 4 potions of enlightenment {unknown}


   Skills:
 - Level 2.4 Dodging
 - Level 2.4 Stealth
 * Level 3.8 Spellcasting
 + Level 1.5 Conjurations
 + Level 0.5 Translocations
 * Level 4.7 Fire Magic


You had 4 spell levels left.
You knew the following spells:

 Your Spells              Type           Power      Damage    Failure   Level
a - Foxfire               Conj/Fire      72%        2x1d7     3%          1
b - Scorch                Fire           50%        2d7       2%          2
c - Volatile Blastmotes   Fire/Tloc      30%        2d12      12%         3

Your spell library contained the following spells:

 Spells                   Type           Power      Damage    Failure   Level
 Inner Flame              Hex/Fire       14%        N/A       13%         3
 Flame Wave               Conj/Fire      18%        2d7       30%         4


Dungeon Overview and Level Annotations

Branches:
Dungeon (3/15)

Altars:


Message History

Confirm with . or Enter, or press ? or * to list all spells.
You conjure some foxfire!
The adder misses you.
The foxfire hits the adder.
The adder is almost dead.
The foxfire hits the adder!
You kill the adder!
There is a stone staircase leading down here.
You now have 79 gold pieces (gained 18).
An endoplasm comes into view.
Casting: Foxfire (safe; 3% risk of failure)
Confirm with . or Enter, or press ? or * to list all spells.
You conjure some foxfire!
Your foxfire dissipates!
Your foxfire dissipates!
Casting: Foxfire (safe; 3% risk of failure)
Confirm with . or Enter, or press ? or * to list all spells.
Flames lash the endoplasm.
You kill the endoplasm!
You have reached level 4!
You feel clever.
A centaur comes into view.
This spell is astonishingly dangerous to cast!
Memorise Flame Wave, consuming 4 spell levels and leaving 0?
The centaur shouts!
You hear an angry hiss.
You start memorising the spell.
You continue memorising.
The centaur wields a +1 orcbow of flaming.
It bursts into flame!
The centaur shoots an arrow.
Your memorisation is interrupted.
The arrow hits you! The arrow burns you.
Okay, then.
The centaur shoots an arrow.
The arrow barely misses you.
The centaur shoots an arrow.
The arrow completely misses you.
You hear a shout!
The centaur shoots an arrow.
The arrow misses you.
The centaur shoots an arrow.
The arrow hits you.
* * * LOW HITPOINT WARNING * * *
The arrow burns you.
* * * LOW HITPOINT WARNING * * *
The centaur shoots an arrow.
The arrow hits you!
Ouch! That really hurt!
You die...

#........#....##.##.
#........#....##.##.
#........#....##.##.
#........#....##.##.
#.####............#.
...####.###....##..#.
.. #...............#.
#.##.##########.#.
#@#..<...##.......
#.#......##.#####.
#.#..######.#####.
#.#...............
#.##.######.######
#.##......#.......
#.##......########
#.c..........
####......###


You could see a centaur.

Vanquished Creatures
  3 adders
  A dart slug (D:2)
  8 ball pythons
  2 endoplasms
  2 giant cockroaches (D:1)
  5 goblins
  3 hobgoblins
  A quokka (D:2)
  5 bats
  3 frilled lizards
  3 kobolds (D:1)
  4 rats
40 creatures vanquished.

Vanquished Creatures (others)
  68 foxfires
68 creatures vanquished.

Grand Total: 108 creatures vanquished

Notes
Turn   | Place    | Note
-------+----------+-------------------------------------------
     0 | D:1      | pascalblue the Deep Elf Fire Elementalist began the quest
                  | for the Orb.
     0 | D:1      | Reached XP level 1. HP: 10/10 MP: 6/6
   370 | D:1      | Reached XP level 2. HP: 15/15 MP: 6/8
   400 | D:1      | Reached skill level 4 in Fire Magic
  1030 | D:2      | Reached XP level 3. HP: 19/19 MP: 5/9
  1036 | D:2      | Learned a level 2 spell: Scorch
  1040 | D:2      | Learned a level 3 spell: Volatile Blastmotes
  1588 | D:3      | Reached XP level 4. HP: 24/24 MP: 7/11
  1693 | D:3      | Noticed a centaur
  1704 | D:3      | Shot with an arrow by a centaur

Illustrated notes

Levels and vault maps discovered:
D:1:      mrwooster_arrival_statue_3, layout_loops_corners
D:2:      layout_rooms
D:3:      layout_basic, nemelex_dance_club_becter,
          nicolae_wu_jian_glorious_leap,
          hellmonk_ecumenical_altar_leap_of_faith, minmay_divided_ellipse,
          uniq_crazy_yiuf_cottage, uniq_sigmund

Skill      XL: |  1  2 |
---------------+-------+-----
Fire Magic     | 4 |  4.7
Dodging        | |  2.4
Stealth        | |  2.4
Spellcasting   | |  3.8
Conjurations   | |  1.5
Translocations | |  0.5

Action                     |  1- 3 |  4- 6 || total
---------------------------+-------+-------++-------
  Melee: Dagger            |     2 |       ||     2
   Cast: Foxfire           |    47 |       ||    47
         Scorch            |     1 |       ||     1
    Use: Scroll            |     5 |       ||     5
 Armour: Robe              |    12 |       ||    12
  Dodge: Dodged            |    25 |     3 ||    28

Table legend: (Time is in decaauts)
 A = Elapsed time spent in this place.
 B = Non-inter-level travel time spent in this place.
 C = Inter-level travel time spent in this place.
 D = Time resting spent in this place.
 E = Time spent auto-exploring this place.
 F = Levels seen in this place.
 G = Mean time per level.
                   A        B        C        D        E       F      G
               +--------+--------+--------+--------+--------+-----+--------+
         Total |   1703 |   1672 |     31 |      0 |   1310 |   3 |  567.7 |
       Dungeon |   1703 |   1672 |     31 |      0 |   1310 |   3 |  567.7 |
               +--------+--------+--------+--------+--------+-----+--------+

Top non-repeatable levels by time:
     D:1: 1017 daAuts
     D:2: 422 daAuts
     D:3: 262 daAuts
